 Dungeon Crawl Stone Soup version 0.21.1-1-g345015f (webtiles) character file.

813 tidbits the Insei (level 7, -3/53 HPs)
             Began as a Gnoll Transmuter on Feb 8, 2018.
             Slain by a mummy (12 damage)
             ... in an ossuary.
             The game lasted 00:11:36 (892 turns).

tidbits the Insei (Gnoll Transmuter)                 Turns: 892, Time: 00:11:36

Health: -3/53      AC:  2    Str: 12    XL:     7   Next: 93%
Magic:  14/15      EV: 15    Int: 18    God:
Gold:   170        SH:  0    Dex: 15    Spells: 11/17 levels left

rFire    . . .     SeeInvis .   o - +0 mace (holy)
rCold    . . .     Gourm    .   (no shield)
rNeg     . . .     Faith    .   b - +0 robe
rPois    .         Spirit   .   (no helmet)
rElec    .         Reflect  .   (no cloak)
rCorr    .         Harm     .   (no gloves)
MR       .....                  (no boots)
Stlth    ++........             (no amulet)
HPRegen  0.17/turn              (no ring)
MPRegen  0.14/turn              (no ring)

@: appendage, very slightly contaminated
A: distributed training, fangs 1, horns 2, strong nose
a: End Transformation


You were in an ossuary.
You were not hungry.
You had grown temporary horns.
You visited 1 branch of the dungeon, and saw 6 of its levels.
You also visited: Ossuary.

You collected 170 gold pieces.

Inventory:

Hand Weapons
 i - a +0 morningstar
 o - a +0 mace of holy wrath (weapon)
   (You took it off an orc on level 4 of the Dungeon)
Missiles
 a - 10 arrows
 g - a stone
 l - 11 tomahawks (quivered)
Armour
 b - a +0 robe (worn)
Jewellery
 j - an uncursed ring of fire
   (You found it on level 4 of the Dungeon)
Wands
 d - a wand of digging (8)
 f - a wand of iceblast (3)
Scrolls
 h - 2 scrolls of immolation
 r - 2 scrolls of remove curse
Potions
 e - a potion of flight {unknown}
 k - a potion of lignification {unknown}
 m - a potion of berserk rage {unknown}
Books
 c - a book of Changes

   Spells                             Type                      Level
   a - Beastly Appendage              Transmutation                1
   b - Sticks to Snakes               Transmutation                2
   c - Spider Form                    Transmutation/Poison         3
   d - Ice Form                       Ice/Transmutation            4
   e - Blade Hands                    Transmutation                5
Comestibles
 p - a chunk of flesh
 u - 5 rations


   Skills:
 + Level 3.8 Fighting
 + Level 2.7 Short Blades
 + Level 2.7 Long Blades
 + Level 2.7 Axes
 + Level 2.7 Maces & Flails
 + Level 2.7 Polearms
 + Level 2.7 Staves
 + Level 2.7 Slings
 + Level 2.7 Bows
 + Level 2.7 Crossbows
 + Level 2.7 Throwing
 + Level 2.7 Armour
 + Level 5.4 Dodging
 + Level 2.7 Stealth
 + Level 2.7 Shields
 + Level 7.1 Unarmed Combat
 + Level 5.7 Spellcasting
 + Level 2.2 Conjurations
 + Level 2.2 Hexes
 + Level 2.2 Charms
 + Level 2.2 Summonings
 + Level 2.2 Necromancy
 + Level 2.2 Translocations
 + Level 4.4 Transmutations
 + Level 2.2 Fire Magic
 + Level 2.2 Ice Magic
 + Level 2.2 Air Magic
 + Level 2.2 Earth Magic
 + Level 2.2 Poison Magic
 + Level 3.0 Invocations
 + Level 2.7 Evocations


You had 11 spell levels left.
You knew the following spells:

 Your Spells              Type           Power        Failure   Level  Hunger
e - Beastly Appendage     Tmut           ###...       1%          1    None
k - Sticks to Snakes      Tmut           ###.....     3%          2    None
p - Spider Form           Tmut/Pois      ###.......   10%         3    ##.....


Dungeon Overview and Level Annotations

Branches:
Dungeon (6/15)             Temple (0/1) D:5

Altars:
Dithmenos
Makhleb
Vehumet


Innate Abilities, Weirdness & Mutations

Your experience applies equally to all skills.
You have very sharp teeth.
Your uncanny sense of smell can sniff out nearby items.
You have a pair of horns on your head.


Message History

You hit the worker ant.
The worker ant is heavily wounded.
Your ball python bites the worker ant but does no damage.
Your ball python constricts the worker ant.
The worker ant closely misses your ball python.
You catch the helpless worker ant completely off-guard!
You hit the worker ant.
The worker ant is almost dead.
Your ball python barely misses the worker ant.
Your ball python constricts the worker ant.
The worker ant closely misses you.
You punch the worker ant!
You kill the worker ant!
Found a leather armour.
Found 7 tomahawks.
You see here 16 gold pieces.
You now have 157 gold pieces (gained 16).
Your magical contamination has completely faded away.
You see here 7 tomahawks.
l - 11 tomahawks (gained 7)
Your ball python withers and dies!
Evoke which item? (* to show all) (? for menu, Esc to quit)
Aiming: Dig
Press: ? - help, Shift-Dir - straight line, f - you The rock shatters into small pieces.
A bullfrog skeleton comes into view.
There is a stone staircase leading down here.
Unknown command.
Wield which item (- for none, * to show all)? (? for menu, Esc to quit)
Okay, then.
You climb downwards.
You hear the hiss of flowing sand.
There is an entrance to an ossuary on this level.
Hurry and find it before the portal is buried!
A worker ant comes into view.
There is a stone staircase leading up here.
Casting: Sticks to Snakes
Confirm with . or Enter, or press ? or * to list all spells.
You turn into a venomous arachnid creature.
Your +0 robe melds into your body.
The worker ant bites you.
Unknown command.
You bite the worker ant!
The worker ant is poisoned.
The worker ant is heavily wounded.
You kill the worker ant!
Found 13 gold pieces.
Blink to where?
Press: ? - help, Dir - move target cursor You are very lightly contaminated with residual magic.
As you read the scroll labeled SIRRUERYTA, it crumbles to dust.
It was a scroll of blinking.
A scorpion comes into view.
Found a leather armour.
Found a sand-covered staircase.
You now have 170 gold pieces (gained 13).
A bullfrog comes into view.
The bullfrog completely misses you.
There is a sand-covered staircase here.
You bite the bullfrog!
The bullfrog is poisoned.
The bullfrog is heavily wounded.
The bullfrog completely misses you.
You bite the bullfrog!
The bullfrog looks as sick as possible!
The bullfrog is almost dead.
The bullfrog hits you! The bullfrog completely misses you.
You barely miss the bullfrog.
The bullfrog is almost dead.
Your transformation is almost over.
You kill the bullfrog!
Your Invocations skill increases to level 3!
The world spins around you as you enter the gateway.
You enter an ossuary! 3 mummies come into view.
You found an arrow trap!
Found a gate leading back out of this place.
There is an empty arch of ancient stone here.
You bite the mummy!
The mummy is heavily damaged.
You bite the mummy!
The mummy is almost destroyed.
The mummy barely misses you.
Your transformation has ended.
Your +0 robe unmelds from your body.
The mummy closely misses you.
Wield which item (- for none, * to show all)? (? for menu, Esc to quit)
Your +0 mace of holy wrath softly glows with a divine radiance!
o - a +0 mace of holy wrath (weapon)
Unknown command.
You hit the mummy.
You destroy the mummy!
The mummy hits you!
* * * LOW HITPOINT WARNING * * *
Okay, then.
Casting: Spider Form
Confirm with . or Enter, or press ? or * to list all spells.
You grow a pair of large bovine horns.
Unknown command.
You hit the mummy.
The mummy convulses.
You headbutt the mummy.
The mummy is heavily damaged.
The mummy misses you. The mummy hits you!
* * * LOW HITPOINT WARNING * * *
You hit the mummy.
The mummy convulses.
You destroy the mummy!
The mummy hits you!
You die...

+.....+
##.....##
#.......#
#.^.....#
#...∩...#
#.......#
#...∩...#
#.......#
#....@..#
##..M..##
#.....#
##...##
#####


You could see a mummy.

Vanquished Creatures
  A black bear (D:5)
  3 ogres
  A phantom (D:4)
  A bullfrog (D:6)
  3 orc wizards
  An iguana (D:4)
  3 worker ants
  2 mummies (Ossuary)
  3 gnolls (D:5)
  3 adders (D:4)
  A dart slug (D:1)
  A leopard gecko (D:2)
  17 orcs
  A bat (D:1)
  3 giant cockroaches
  4 hobgoblins
  4 jackals (D:1)
  2 kobolds (D:3)
  4 frilled lizards
  2 rats
60 creatures vanquished.

Vanquished Creatures (collateral kills)
  A kobold (D:1)
  A quokka (D:4)
2 creatures vanquished.

Grand Total: 62 creatures vanquished

Notes
Turn   | Place    | Note
-------+----------+-------------------------------------------
     0 | D:1      | tidbits the Gnoll Transmuter began the quest for the Orb.
     0 | D:1      | Reached XP level 1. HP: 17/17 MP: 6/6
    40 | D:1      | Reached XP level 2. HP: 12/23 MP: 7/7
    44 | D:1      | Learned a level 2 spell: Sticks to Snakes
    88 | D:1      | You fall through a shaft!
   245 | D:3      | Reached XP level 3. HP: 23/28 MP: 6/9
   253 | D:3      | Reached skill level 5 in Spellcasting
   254 | D:3      | Reached skill level 1 in Short Blades
   254 | D:3      | Reached skill level 1 in Long Blades
   254 | D:3      | Reached skill level 1 in Axes
   254 | D:3      | Reached skill level 1 in Maces & Flails
   254 | D:3      | Reached skill level 1 in Polearms
   254 | D:3      | Reached skill level 1 in Staves
   254 | D:3      | Reached skill level 1 in Slings
   254 | D:3      | Reached skill level 1 in Bows
   254 | D:3      | Reached skill level 1 in Crossbows
   254 | D:3      | Reached skill level 1 in Throwing
   254 | D:3      | Reached skill level 1 in Armour
   254 | D:3      | Reached skill level 1 in Stealth
   254 | D:3      | Reached skill level 1 in Shields
   254 | D:3      | Reached skill level 1 in Invocations
   254 | D:3      | Reached skill level 1 in Evocations
   257 | D:3      | Reached XP level 4. HP: 17/34 MP: 6/11
   262 | D:3      | Reached skill level 1 in Conjurations
   262 | D:3      | Reached skill level 1 in Hexes
   262 | D:3      | Reached skill level 1 in Charms
   262 | D:3      | Reached skill level 1 in Summonings
   262 | D:3      | Reached skill level 1 in Necromancy
   262 | D:3      | Reached skill level 1 in Translocations
   262 | D:3      | Reached skill level 1 in Fire Magic
   262 | D:3      | Reached skill level 1 in Ice Magic
   262 | D:3      | Reached skill level 1 in Air Magic
   262 | D:3      | Reached skill level 1 in Earth Magic
   262 | D:3      | Reached skill level 1 in Poison Magic
   283 | D:3      | Learned a level 3 spell: Spider Form
   327 | D:4      | Noticed an ogre
   339 | D:4      | Killed an ogre
   339 | D:4      | Reached skill level 3 in Fighting
   339 | D:4      | Reached skill level 4 in Transmutations
   339 | D:4      | Reached XP level 5. HP: 22/41 MP: 7/12
   464 | D:4      | Reached XP level 6. HP: 40/47 MP: 10/13
   489 | D:5      | Entered Level 5 of the Dungeon
   497 | D:4      | Noticed a phantom
   539 | D:4      | Reached skill level 2 in Invocations
   546 | D:4      | Killed a phantom
   546 | D:4      | Reached skill level 2 in Short Blades
   546 | D:4      | Reached skill level 2 in Long Blades
   546 | D:4      | Reached skill level 2 in Axes
   546 | D:4      | Reached skill level 2 in Maces & Flails
   546 | D:4      | Reached skill level 2 in Polearms
   546 | D:4      | Reached skill level 2 in Staves
   546 | D:4      | Reached skill level 2 in Slings
   546 | D:4      | Reached skill level 2 in Bows
   546 | D:4      | Reached skill level 2 in Crossbows
   546 | D:4      | Reached skill level 2 in Throwing
   546 | D:4      | Reached skill level 2 in Armour
   546 | D:4      | Reached skill level 5 in Dodging
   546 | D:4      | Reached skill level 2 in Stealth
   546 | D:4      | Reached skill level 2 in Shields
   546 | D:4      | Reached skill level 2 in Evocations
   623 | D:4      | Reached XP level 7. HP: 32/52 MP: 3/15
   663 | D:5      | Found a staircase to the Ecumenical Temple.
   745 | D:5      | Found a shadowy altar of Dithmenos.
   745 | D:5      | Found a faded altar of an unknown god.
   750 | D:5      | Found a burning altar of Makhleb.
   754 | D:5      | Reached skill level 7 in Unarmed Combat
   754 | D:5      | Reached skill level 2 in Conjurations
   754 | D:5      | Reached skill level 2 in Hexes
   754 | D:5      | Reached skill level 2 in Charms
   754 | D:5      | Reached skill level 2 in Summonings
   754 | D:5      | Reached skill level 2 in Necromancy
   754 | D:5      | Reached skill level 2 in Translocations
   754 | D:5      | Reached skill level 2 in Fire Magic
   754 | D:5      | Reached skill level 2 in Ice Magic
   754 | D:5      | Reached skill level 2 in Air Magic
   754 | D:5      | Reached skill level 2 in Earth Magic
   754 | D:5      | Reached skill level 2 in Poison Magic
   758 | D:5      | Found a radiant altar of Vehumet.
   759 | D:5      | Found a faded altar of an unknown god.
   873 | D:6      | Found a sand-covered staircase.
   880 | D:6      | Reached skill level 3 in Invocations
   882 | Ossuary  | Entered an ossuary
   892 | Ossuary  | Slain by a mummy

Skill      XL: |  1  2  3  4  5  6  7 |
---------------+----------------------+-----
Spellcasting   | 5 |  5.7
Short Blades   | 1 2 |  2.7
Long Blades    | 1 2 |  2.7
Axes           | 1 2 |  2.7
Maces & Flails | 1 2 |  2.7
Polearms       | 1 2 |  2.7
Staves         | 1 2 |  2.7
Slings         | 1 2 |  2.7
Bows           | 1 2 |  2.7
Crossbows      | 1 2 |  2.7
Throwing       | 1 2 |  2.7
Armour         | 1 2 |  2.7
Stealth        | 1 2 |  2.7
Shields        | 1 2 |  2.7
Invocations    | 1 2 3 |  3.0
Evocations     | 1 2 |  2.7
Conjurations   | 1 2 |  2.2
Hexes          | 1 2 |  2.2
Charms         | 1 2 |  2.2
Summonings     | 1 2 |  2.2
Necromancy     | 1 2 |  2.2
Translocations | 1 2 |  2.2
Fire Magic     | 1 2 |  2.2
Ice Magic      | 1 2 |  2.2
Air Magic      | 1 2 |  2.2
Earth Magic    | 1 2 |  2.2
Poison Magic   | 1 2 |  2.2
Fighting       | 3 |  3.8
Transmutations | 4 |  4.4
Dodging        | 5 |  5.4
Unarmed Combat | 7 |  7.1

Action                   |  1- 3 |  4- 6 |  7- 9 || total
-------------------------+-------+-------+-------++-------
Melee: Unarmed           |    25 |    51 |    31 ||   107
       Kick              |     6 |     1 |       ||     7
       Bite              |     2 |     1 |     1 ||     4
       Mace              |       |       |     3 ||     3
       Headbutt          |       |       |     1 ||     1
Throw: Tomahawk          |       |     2 |       ||     2
       Stone             |       |     1 |       ||     1
 Cast: Beastly Appendage |     7 |     1 |     1 ||     9
       Sticks to Snakes  |     2 |     4 |     1 ||     7
       Spider Form       |       |     7 |     6 ||    13
 Abil: End Transformatio |       |       |     1 ||     1
Evoke: Wand              |     2 |     3 |     3 ||     8
  Use: Scroll            |     3 |     1 |     1 ||     5
 Stab: Sleeping          |     1 |     1 |       ||     2
       Distracted        |       |       |     1 ||     1
  Eat: Ration            |       |     1 |       ||     1
Armor: Robe              |     4 |       |       ||     4
Dodge: Dodged            |    18 |    37 |    28 ||    83

Table legend:
 A = Turns spent in this place as a percentage of turns spent in the entire game.
 B = Non-inter-level travel turns spent in this place as a percentage of non-inter-level travel turns spent in the entire game.
 C = Inter-level travel turns spent in this place as a percentage of turns spent in this place.
 D = Turns resting spent in this place as a percentage of non-inter-level travel turns spent in this place.
 E = Turns spent auto-exploring this place as a percentage of non-inter-level travel turns spent in this place.
 F = Non-inter-level travel turns spent in this place divided by the number of levels of this place that you've seen.
                   A       B       C       D       E      F
               +-------+-------+-------+-------+-------+----------------------
         Total | 100.0 | 100.0 |   0.0 |   0.0 |   0.0 | 127.4
       Dungeon |  98.9 |  98.9 |   0.0 |   0.0 |   0.0 | 147.0
       Ossuary |   1.1 |   1.1 |   0.0 |   0.0 |   0.0 |  10.0
               +-------+-------+-------+-------+-------+----------------------

Table legend:
 A = Kills in this place as a percentage of kills in entire the game.
 B = Kills by you in this place as a percentage of kills by you in the entire game.
 C = Kills by friends in this place as a percentage of kills by friends in the entire game.
 D = Other kills in this place as a percentage of other kills in the entire game.
 E = Experience gained in this place as a percentage of experience gained in the entire game.
 F = Experience gained in this place divided by the number of levels of this place that you have seen.
                   A       B       C       D       E      F
               +-------+-------+-------+-------+-------+----------------------
         Total | 100.0 | 100.0 | 100.0 |   N/A | 100.0 | 166.0
       Dungeon |  96.8 |  96.7 | 100.0 |   N/A |  96.9 | 187.7
       Ossuary |   3.2 |   3.3 |   0.0 |   N/A |   3.1 |  36.0
               +-------+-------+-------+-------+-------+----------------------

Vault maps used:
D:1:      lemuel_arrival_funnel
D:2:      chequers_ecumenical_altar_grove, uniq_jessica
D:3:      grunt_ministairs_3
D:4:      kennysheep_mini_moat, first_ration
D:5:      chequers_temple_overflow_minitemple, minmay_temple_entry_from_below_b
D:6:      nicolae_ossuary_entry_monument, uniq_grinder
Ossuary:  ossuary_the_hunt_dpeg
